 Dungeon Crawl Stone Soup version 0.30-a0-2-gf48d83f5e2 (webtiles) character file.

Game seed: 12620338706698594012

182 ytrimaz the Changer (level 5, -2/33 HPs)
             Began as an Octopode Transmuter on Aug 20, 2022.
             Slain by a gnoll
             ... wielding a +2 dagger of chaos
              (8 damage)
             ... on level 3 of the Dungeon.
             The game lasted 00:05:21 (3371 turns).

ytrimaz the Changer (Octopode Transmuter)           Turns: 3371, Time: 00:05:22

Health: -2/33      AC:  2    Str:  9    XL:     5   Next: 62%
Magic:  6/9        EV: 19    Int: 17    God:
Gold:   874        SH:  0    Dex: 18    Spells: 0/10 levels left

rFire   . . .      SeeInvis .      - Unarmed
rCold   . . .      Faith    .    (shield currently unavailable)
rNeg    . . .      Spirit   .    (helmet currently unavailable)
rPois   x          Reflect  .    (no amulet)
rElec   .          Harm     .    (no ring)
rCorr   .          Rampage  .    (no ring)
Will    .....                    (no ring)
Stlth   ++........               (no ring)
HPRegen 0.11/turn                (no ring)
MPRegen 0.11/turn                (no ring)
                                 (no ring)
                                 (no ring)

@: spider-form, studying Dodging
A: venomous fangs, almost no armour, (amphibious), 8 rings, tiny, (camouflage
1), (gelatinous body 1), (nimble swimmer 1), (tentacles)
a: End Transformation


You were on level 3 of the Dungeon.
You were a venomous arachnid creature.
You visited 1 branch of the dungeon, and saw 3 of its levels.

You collected 874 gold pieces.

Inventory:

Armour
 k - a +0 hat (melded)
Wands
 a - a wand of roots (11)
Scrolls
 j - a scroll of immolation
Potions
 b - 4 potions of heal wounds
 c - a potion of ambrosia {unknown}
 d - a potion of flight {unknown}
 e - a potion of resistance {unknown}
 f - 2 potions of degeneration {unknown}
 g - a potion of curing {unknown}
 h - a potion of berserk rage {unknown}
 i - a potion of might {unknown}


   Skills:
 - Level 1.0 Fighting
 - Level 2.0 Dodging
 - Level 3.0 Unarmed Combat
 - Level 3.2 Spellcasting
 * Level 4.5 Transmutations
 * Level 1.6 Poison Magic


You couldn't memorise any spells.
You knew the following spells:

 Your Spells              Type           Power      Damage    Failure   Level
a - Beastly Appendage     Tmut           36%        N/A       10%         1
b - Wereblood             Tmut           18%        N/A       13%         2
c - Spider Form           Tmut/Pois      13%        N/A       32%         3
d - Ice Form              Ice/Tmut       10%        N/A       75%         4

Your spell library contained the following spells:

 Spells                   Type           Power      Damage    Failure   Level
 Necrotise                Necr           8%         1d4       36%         1
 Vampiric Draining        Necr           2%         2d6       67%         3
 Agony                    Necr           2%         N/A       100%        5
 Malign Gateway           Summ/Tloc      1%         N/A       100%        7
 Summon Horrible Things   Summ           1%         N/A       100%        8


Dungeon Overview and Level Annotations

Branches:
Dungeon (3/15)

Altars:

Annotations:
D:3 1 runed translucent door, ytrimaz's ghost, amateur OpTm


Innate Abilities, Weirdness & Mutations

You are a venomous arachnid creature.
You have poisonous fangs.
You are tiny and dextrous.
Your spellcasting is less reliable in this form.
Your armour is entirely melded.
You are incapable of wielding weapons or throwing items.
You cannot wear most types of armour.
((You are amphibious.))
You can wear up to eight rings at the same time.
((Your skin changes colour to match your surroundings (Stealth+).))
((Your rubbery body absorbs attacks. (AC +1, EV +1)))
((You are camouflaged when in or above water. (Stealth+)))
((You have tentacles for arms and can constrict up to eight enemies at once.))


Message History

The gnoll hits you with a +2 spear of chaos!
The gnoll burns you.
You hit the gnoll.
The gnoll is moderately wounded.
The gnoll closely misses you.
You barely miss the gnoll.
The gnoll is moderately wounded.
The gnoll barely misses you.
You hit the gnoll but do no damage.
The gnoll is poisoned.
The gnoll is moderately wounded.
The gnoll hits you with a +2 spear of chaos.
You hit the gnoll.
The gnoll looks as sick as possible!
The gnoll is severely wounded.
You kill the gnoll!
You see here a +2 spear of chaos.
Your transformation is almost over.
You start resting.
Your transformation has ended.
Your +0 hat unmelds from your body.
You start resting.
Magic restored.
You start resting.
A gnoll is nearby!
The gnoll shouts!
Casting: Spider Form (quite dangerous; 14% risk of failure)
Confirm with . or Enter, or press ? or * to list all spells.
The spell is quite dangerous to miscast (14% risk of failure)!
Continue anyway?
You turn into a venomous arachnid creature.
Your +0 hat melds into your body.
Unknown command.
The gnoll closely misses you.
You hit the gnoll.
The gnoll is poisoned.
The gnoll is moderately wounded.
The gnoll hits you with a +2 dagger of chaos.
You are electrocuted!
* * * LOW HITPOINT WARNING * * *
You hit the gnoll.
The gnoll looks as sick as possible!
The gnoll is severely wounded.
The gnoll hits you with a +2 dagger of chaos!
You die...

#...#...#....(#,*,***.......*****
######..#.#.#.#,,,,,.......#*~,~*
#..#.....#**####.....#*~*~~⌠
#.##.....# #.......#**,*,,,
#....#.#.# #.......#,*,,,,*
####....<####.......#,**,^*,
#..##........!...#*⌠**,~*
##.....###.......#~*~~,,,
#####..sg.......#,,,,**^
#####........#*,,~~*
#.......#.⌠~,~*, #.$.....#,~~,*~*
#.......#,,~,,,* #########,,~~~,,
**,,~*** **,,~~** **~*,,,


You could see a gnoll (extremely poisoned).

Vanquished Creatures
  A phantom (D:3)
  A gnoll (D:3)
  2 adders (D:2)
  A worm (D:2)
  A dart slug (D:3)
  2 orcs (D:3)
  3 ball pythons
  10 endoplasms
  4 giant cockroaches
  9 goblins
  9 hobgoblins
  8 kobolds
  10 bats
  3 frilled lizards
  4 rats
68 creatures vanquished.

Notes
Turn   | Place    | Note
-------+----------+-------------------------------------------
     0 | D:1      | ytrimaz the Octopode Transmuter began the quest for the
                  | Orb.
     0 | D:1      | Reached XP level 1. HP: 13/13 MP: 3/3
   204 | D:1      | Reached XP level 2. HP: 16/18 MP: 1/5
   581 | D:1      | Reached XP level 3. HP: 23/23 MP: 5/7
   589 | D:1      | Learned a level 2 spell: Wereblood
   593 | D:1      | Learned a level 3 spell: Spider Form
   708 | D:1      | Found a faded altar of an unknown god.
  1095 | D:2      | Reached skill level 3 in Transmutations
  1198 | D:2      | Reached XP level 4. HP: 10/28 MP: 6/8
  2356 | D:3      | Noticed a phantom
  2373 | D:3      | Killed a phantom
  2374 | D:3      | Reached skill level 4 in Transmutations
  2374 | D:3      | Reached skill level 1 in Poison Magic
  2374 | D:3      | Reached XP level 5. HP: 33/33 MP: 6/9
  2568 | D:3      | Identified a scroll of acquirement
  2568 | D:3      | Acquired 677 gold pieces
  3155 | D:3      | Found a runed translucent door.
  3155 | D:3      | Noticed ytrimaz's ghost (amateur OpTm)
  3273 | D:3      | Learned a level 4 spell: Ice Form
  3371 | D:3      | Slain by a gnoll

Illustrated notes

Levels and vault maps discovered:
D:1:      elethiomel_arrival_fortress_basement, layout_basic,
          basic_ecumenical_altar
D:2:      layout_rooms
D:3:      minmay_razor_zed, layout_rooms, tgw_xom, ebering_ghost_inner_flame,
          serial_curves, eino_curves_01, eino_curves_02, eino_curves_03,
          columned_hall_lemuel

Skill      XL: |  1  2  3  4 |
---------------+-------------+-----
Transmutations | 3 4 |  4.5
Spellcasting   | 3 |  3.2
Poison Magic   | 1 |  1.6
Fighting       | |  1.0
Dodging        | |  2.0
Unarmed Combat | |  3.0

Action                   |  1- 3 |  4- 6 || total
-------------------------+-------+-------++-------
Melee: Unarmed           |    65 |    90 ||   155
       Constrict         |    16 |    19 ||    35
       Kick              |    12 |     6 ||    18
       Punch             |     3 |     1 ||     4
       Tentacles         |     6 |    13 ||    19
 Cast: Beastly Appendage |    20 |     9 ||    29
       Spider Form       |       |     5 ||     5
  Use: Scroll            |     1 |     8 ||     9
       Potion            |       |     1 ||     1
 Stab: Sleeping          |     4 |     3 ||     7
Armor: Skin              |    13 |     8 ||    21
Dodge: Dodged            |    55 |    58 ||   113

Table legend: (Time is in decaauts)
 A = Elapsed time spent in this place.
 B = Non-inter-level travel time spent in this place.
 C = Inter-level travel time spent in this place.
 D = Time resting spent in this place.
 E = Time spent auto-exploring this place.
 F = Levels seen in this place.
 G = Mean time per level.
                   A        B        C        D        E       F      G
               +--------+--------+--------+--------+--------+-----+--------+
         Total |   3362 |   3278 |     84 |    485 |   2236 |   3 | 1120.7 |
       Dungeon |   3362 |   3278 |     84 |    485 |   2236 |   3 | 1120.7 |
               +--------+--------+--------+--------+--------+-----+--------+

Top non-repeatable levels by time:
     D:3: 1200 daAuts
     D:2: 1100 daAuts
     D:1: 1061 daAuts
